 Dungeon Crawl Stone Soup version 0.26.1-11-gd32895ea62 (webtiles) character file.

Game seed: 17939484402152910861

5964 hawla the Destroyer (level 10, -9/53 HPs)
             Began as a Deep Elf Conjurer on May 15, 2021.
             Was a Priest of Vehumet.
             Shot with an arrow by a centaur warrior (11 damage)
             ... on level 9 of the Dungeon.
             The game lasted 00:27:36 (11976 turns).

hawla the Destroyer (Deep Elf Conjurer)            Turns: 11976, Time: 00:27:36

Health: -9/53      AC:  6    Str:  3 (4)  XL:     10   Next: 54%
Magic:  21/21      EV: 13    Int: 24 (27) God:    Vehumet [***...]
Gold:   583        SH:  0    Dex: 12 (13) Spells: 14/21 levels left

rFire    + . .     SeeInvis .   k - +0 quarterstaff (drain)
rCold    . . .     Faith    .   (shield currently unavailable)
rNeg     + . .     Spirit   .   a - +0 robe
rPois    .         Reflect  .   (helmet restricted)
rElec    .         Harm     .   (no cloak)
rCorr    .         Rampage  .   i - +2 pair of gloves
Will     +....                  (no boots)
Stlth    ++........             (no amulet)
HPRegen  0.17/turn              z - ring of protection from fire
MPRegen  0.17/turn              v - ring of positive energy

@: studying Slings
A: antennae 1, yellow scales 1, deformed body, deterioration 1
a: Renounce Religion


You were on level 9 of the Dungeon.
You worshipped Vehumet.
Vehumet was most pleased with you.
You visited 2 branches of the dungeon, and saw 10 of its levels.

You collected 583 gold pieces.

Inventory:

Hand Weapons
 k - a +0 quarterstaff of draining (weapon)
Missiles
 n - 20 boomerangs
 s - 17 poisoned darts (quivered)
 t - 2 javelins
 u - 5 curare-tipped darts
Armour
 a - a +0 robe (worn)
 i - a +2 pair of gloves (worn)
Jewellery
 c - an uncursed ring of flight
 d - an uncursed amulet of reflection
 v - a ring of positive energy (right hand)
 w - an uncursed amulet of magic regeneration
 z - a ring of protection from fire (left hand)
Wands
 e - a wand of acid (9)
 f - a wand of paralysis (6)
 p - a wand of digging (4)
 A - a wand of flame (24)
Scrolls
 g - 7 scrolls of remove curse
 j - 2 scrolls of enchant armour
 q - a scroll of amnesia
 B - 2 scrolls of enchant weapon {unknown}
 D - a scroll of identify
Potions
 b - 3 potions of flight
 h - 2 potions of brilliance
 l - 2 potions of magic
 m - 3 potions of haste
 o - a potion of heal wounds
 x - a potion of might
Books
 r - a manual of Slings


   Skills:
 - Level 2.0 Fighting
 - Level 3.0 Staves
 - Level 1.0 Throwing
 - Level 3.0 Dodging
 - Level 3.0 Stealth
 - Level 6.0 Spellcasting
 - Level 10.0 Conjurations
 - Level 6.0 Translocations
 - Level 6.0 Fire Magic
 + Level 10.0 Evocations


You had 14 spell levels left.
You knew the following spells:

 Your Spells              Type           Power        Failure   Level
a - Magic Dart            Conj           100%         1%          1
b - Searing Ray           Conj           100%         1%          2
c - Iskenderun's Mystic   Conj/Tloc      45%          1%          4

Your spell library contained the following spells:

 Spells                   Type           Power        Failure   Level
 Static Discharge         Conj/Air       31%          1%          3
 Dazzling Flash           Conj/Hex       62%          1%          3
 Fulminant Prism          Conj/Hex       15%          2%          4
 Corona                   Hex            7%           8%          1
 Ensorcelled Hibernation  Hex/Ice        14%          12%         2
 Confusing Touch          Hex            7%           24%         3
 Tukima's Dance           Hex            7%           24%         3


Dungeon Overview and Level Annotations

Branches:
Dungeon (9/15)             Temple (1/1) D:4            Lair (0/6) D:8
    Orc: D:9-12

Altars:
Ashenzari
Cheibriados
Dithmenos
Elyvilon
Fedhas
Gozag
Hepliaklqana
Kikubaaqudgha
Makhleb
Nemelex Xobeh
Okawaru
Qazlal
Ru
Sif Muna
Trog
Uskayaw
Vehumet
Wu Jian
Xom
Yredelemnul
Zin
The Shining One


Innate Abilities, Weirdness & Mutations

You have a pair of small antennae on your head.
You are partially covered in yellow scales. (AC +2)
Armour fits poorly on your strangely shaped body.
Your body sometimes deteriorates upon taking damage.


Message History

You climb upwards.
There is a stone staircase leading down here.
You start resting.
HP restored.
You climb downwards.
The centaur warrior shoots an arrow.
The arrow hits you!!
The centaur warrior shoots an arrow.
The arrow hits you.
There is a stone staircase leading up, spattered with blood here.
You see here 3 arrows.
Throw: 18 darts (poison)
Press: ? - help, Q - select action, (/) - cycle Shift-Dir - straight line, f - centaur warrior
Aim: a centaur warrior, wielding a +0 shortbow and quivering 8 arrows (65% to hit)
You throw a poisoned dart.
The poisoned dart hits the centaur warrior.
The centaur warrior is poisoned.
The centaur warrior shoots an arrow.
The arrow hits you!
Your body deteriorates!
You feel dopey.
The centaur warrior shoots an arrow.
The arrow hits you!!
* * * LOW HITPOINT WARNING * * *
The centaur warrior shoots an arrow.
The arrow hits you!
You die...

................................#
......(..).c........##########..#
....................# #.[#
....................# #..#
....................##########..#
.............(..................#
.............................
.............................
...........@...#############
...............# #
...............# #
............)..#############
..).........................
############################


You could see a centaur warrior (poisoned).

Vanquished Creatures
  An unseen horror (D:8)
  Pikel (D:6)
  A komodo dragon (D:8)
  2 trolls
  Edmund (D:6)
  6 orc warriors
  2 ice beasts
  A sky beast (D:7)
  2 necrophages
  3 black bears
  2 phantoms
  4 ogres
  3 centaurs
  2 lemures (D:6)
  A big kobold (D:8)
  10 bullfrogs
  A wyvern zombie (D:6)
  A scorpion (D:6)
  5 killer bees (D:9)
  A howler monkey (D:5)
  A centaur zombie (D:7)
  3 hounds
  2 jellies
  4 orc wizards
  5 orc priests
  4 bullfrog skeletons
  2 centaur skeletons
  2 iguanas
  4 worker ants
  A hound skeleton (D:5)
  A howler monkey zombie (D:8)
  A worker ant zombie (D:7)
  4 gnolls (D:2)
  11 adders
  A howler monkey skeleton (D:7)
  A shadow imp (D:8)
  3 white imps (D:7)
  2 ufetubi
  An ooze (D:1)
  2 worms
  4 dart slugs
  3 leopard geckos
  32 orcs
  4 bats
  5 giant cockroaches
  10 goblins
  6 hobgoblins
  11 jackals
  9 kobolds
  6 quokkas
  2 ball pythons
  4 frilled lizards
  3 jackal skeletons
  4 rats
  A butterfly (D:4)
209 creatures vanquished.

Vanquished Creatures (collateral kills)
  2 adders (D:9)
  A shadow imp (D:9)
  A leopard gecko (D:9)
4 creatures vanquished.

Vanquished Creatures (others)
  A jackal (D:6)
  12 fungi (D:8)
  6 plants (D:8)
19 creatures vanquished.

Grand Total: 232 creatures vanquished

Notes
Turn   | Place    | Note
-------+----------+-------------------------------------------
     0 | D:1      | hawla the Deep Elf Conjurer began the quest for the Orb.
     0 | D:1      | Reached XP level 1. HP: 10/10 MP: 6/6
   135 | D:1      | Reached XP level 2. HP: 15/15 MP: 4/8
   138 | D:1      | Learned a level 2 spell: Searing Ray
   508 | D:1      | Reached XP level 3. HP: 20/20 MP: 7/9
   599 | D:1      | Reached skill level 1 in Fire Magic
  1184 | D:2      | Reached skill level 1 in Translocations
  1568 | D:2      | Reached skill level 1 in Fighting
  1568 | D:2      | Reached XP level 4. HP: 25/25 MP: 7/11
  1746 | D:2      | Found a glowing golden altar of the Shining One.
  1968 | D:2      | Found a white marble altar of Elyvilon.
  1985 | D:2      | Learned a level 4 spell: Iskenderun's Mystic Blast
  2600 | D:3      | Found a sparkling altar of Nemelex Xobeh.
  2622 | D:3      | Reached XP level 5. HP: 28/29 MP: 4/13
  2631 | D:3      | Reached skill level 5 in Conjurations
  2632 | D:3      | Gained mutation: You are partially covered in yellow
                  | scales. (AC +2) [potion of mutation]
  2632 | D:3      | Gained mutation: You have large cloven feet. [potion of
                  | mutation]
  2632 | D:3      | Gained mutation: You expend magic power (3 MP) to
                  | strengthen your wands. [potion of mutation]
  2633 | D:3      | Lost mutation: You expend magic power (3 MP) to strengthen
                  | your wands. [potion of mutation]
  2633 | D:3      | Lost mutation: You have large cloven feet. [potion of
                  | mutation]
  2633 | D:3      | Gained mutation: Armour fits poorly on your strangely
                  | shaped body. [potion of mutation]
  2633 | D:3      | Gained mutation: Your body sometimes deteriorates upon
                  | taking damage. [potion of mutation]
  2633 | D:3      | Gained mutation: You have a pair of small antennae on your
                  | head. [potion of mutation]
  3308 | D:4      | Noticed an ogre
  3315 | D:4      | Killed an ogre
  3316 | D:4      | Reached XP level 6. HP: 34/34 MP: 8/14
  3534 | D:4      | Found a shadowy altar of Dithmenos.
  3878 | D:4      | Found a staircase to the Ecumenical Temple.
  3933 | Temple   | Entered the Ecumenical Temple
  4158 | Temple   | Became a worshipper of Vehumet
  4586 | D:5      | Entered Level 5 of the Dungeon
  4662 | D:5      | Reached skill level 5 in Spellcasting
  4952 | D:5      | Reached XP level 7. HP: 38/38 MP: 11/16
  5238 | D:5      | Reached skill level 1 in Throwing
  5238 | D:5      | Reached skill level 1 in Evocations
  5241 | D:5      | Reached skill level 1 in Staves
  5554 | D:5      | Reached * piety under Vehumet
  5554 | D:5      | Offered knowledge of Foxfire by Vehumet.
  5820 | D:6      | Reached XP level 8. HP: 44/44 MP: 9/18
  5945 | D:6      | Noticed Edmund
  5953 | D:6      | Killed Edmund
  5981 | D:6      | Noticed a troll
  6017 | D:6      | Killed a troll
  6478 | D:6      | Noticed Pikel
  6493 | D:6      | Killed Pikel
  6494 | D:6      | Reached skill level 5 in Fire Magic
  6506 | D:6      | Reached XP level 9. HP: 18/48 MP: 1/20
  6630 | D:6      | Reached skill level 5 in Translocations
  6961 | D:6      | Found a stormy altar of Qazlal.
  6964 | D:6      | Found a shimmering altar of Xom.
  6966 | D:6      | Found a glowing silver altar of Zin.
  7919 | D:7      | Reached ** piety under Vehumet
  7924 | D:7      | Offered knowledge of Sandblast by Vehumet.
  8747 | D:8      | Reached skill level 5 in Evocations
  9147 | D:8      | Killed an unseen horror
  9154 | D:8      | Reached XP level 10. HP: 46/53 MP: 1/21
  9353 | D:8      | Reached skill level 10 in Conjurations
  9617 | D:8      | Offered knowledge of Mephitic Cloud by Vehumet.
  9717 | D:8      | Reached *** piety under Vehumet
  9971 | D:8      | Found a staircase to the Lair.
 10168 | D:8      | Offered knowledge of Static Discharge by Vehumet.
 10428 | D:8      | Found a shimmering blue altar of Sif Muna.
 11168 | D:9      | Reached skill level 10 in Evocations
 11492 | D:9      | Noticed a centaur warrior
 11495 | D:9      | Found a radiant altar of Vehumet.
 11496 | D:9      | Identified a scroll of acquirement
 11496 | D:9      | Acquired the ring "Bemnak" {rPois Will+ Str+7 Stlth-}
 11975 | D:9      | HP: 2/53 [centaur warrior/arrow (20)]
 11976 | D:9      | Shot with an arrow by a centaur warrior

Illustrated notes

Levels and vault maps discovered:
D:1:      ebering_trefoil_twist, layout_loops_ring
D:2:      layout_basic, general_overflow_altar, tso_oasis_becter
D:3:      layout_rooms, nicolae_overflow_crystal_walls
D:4:      layout_loops_corners, nicolae_dithmenos_through_a_glass_darkly,
          minmay_temple_entry_butterflies
D:5:      layout_basic
D:6:      layout_rooms, zin_statuary,
          chequers_temple_overflow_statue_of_worship, uniq_edmund, uniq_pikel
D:7:      layout_loops_ring, grunt_ministairs_15
D:8:      layout_loops_cross, grunt_lair_entry_orc_guard_hut, basic_altar,
          minmay_manual_mess
D:9:      layout_long_grid, jmf_multi_god_temple
Temple:   regret_index_temple_generic_petals

Skill      XL: |  1  2  3  4  5  6  7  8  9 10 |
---------------+-------------------------------+-----
Fire Magic     | 1 2 3 5 6 |  6.0
Translocations | 1 2 3 4 6 |  6.0
Dodging        | 3 |  3.0
Fighting       | 1 2 |  2.0
Stealth        | 3 |  3.0
Spellcasting   | 4 5 6 |  6.0
Conjurations   | 5 6 7 8 9 10 | 10.0
Throwing       | 1 |  1.0
Evocations     | 1 3 6 10 | 10.0
Staves         | 1 3 |  3.0

Action                   |  1- 3 |  4- 6 |  7- 9 | 10-12 || total
-------------------------+-------+-------+-------+-------++-------
Melee: Unarmed           |     6 |    15 |       |       ||    21
       Quarterstaff      |       |     8 |   132 |    87 ||   227
Throw: Dart              |       |       |     4 |     1 ||     5
 Cast: Magic Dart        |    21 |     8 |     8 |       ||    37
       Searing Ray       |    20 |    30 |    45 |     9 ||   104
       Iskenderun's Myst |       |     3 |    36 |    24 ||    63
Evoke: Wand              |       |       |     2 |       ||     2
  Use: Scroll            |     3 |     2 |     6 |     4 ||    15
       Potion            |       |     4 |     7 |     1 ||    12
 Stab: Distracted        |       |     1 |       |       ||     1
       Sleeping          |       |     2 |       |       ||     2
Armor: Robe              |     5 |    14 |    38 |    39 ||    96
       Skin              |       |       |    44 |       ||    44
Dodge: Dodged            |    15 |    40 |   139 |    94 ||   288
Block: Other             |     3 |    17 |    30 |       ||    50
       Reflection        |       |       |     3 |       ||     3
